[Event "Titled Tuesday Blitz March 21 Early 2023"]
[White "Kamsky, Gata"]
[Black "Smirnov, Pavel"]
[WhiteFideId "2000024"]
[BlackFideId "4123425"]
[WhiteElo "2666"]
[BlackElo "2519"]
[Result "1/2-1/2"]
[Round "06"]
[TimeControl "180+2"]
[Date "2023.03.21"]
[WhiteClock "0:00:49"]
[BlackClock "0:01:09"]

1. e4 e5 2. Nf3 Nc6 3. Bb5 a6 4. Ba4 Nf6 5. O-O Be7 6. Re1 b5 7. Bb3 O-O 8. c3 d5 9. d3 dxe4 10. dxe4 Qxd1 11. Bxd1 Be6 12. a4 b4 13. a5 Rfb8 14. Ba4 Nxa5 15. Nxe5 bxc3 16. Nxc3 Nb3 17. Rb1 Nxc1 18. Rexc1 Rb6 19. Nc6 Bf8 20. Nd4 Bc4 21. Rd1 h6 22. b3 Be6 23. Nxe6 Rxe6 24. Nd5 Nxd5 25. exd5 Rb6 26. Rbc1 Bd6 27. g3 g6 28. Kg2 Kg7 29. Re1 Rab8 30. Re4 Rb4 31. Rce1 Rxe4 32. Rxe4 Rb4 33. Rxb4 Bxb4 1/2-1/2


[Site "https://www.chess.com"]

[Event "Titled Tuesday Blitz March 21 Early 2023"]
[White "Navara, David"]
[Black "Flores, Diego"]
[WhiteFideId "309095"]
[BlackFideId "108049"]
[WhiteElo "2675"]
[BlackElo "2606"]
[Result "0-1"]
[Round "06"]
[TimeControl "180+2"]
[Date "2023.03.21"]
[WhiteClock "0:00:04"]
[BlackClock "0:00:05"]

1. c4 g6 2. e4 Bg7 3. d4 d6 4. Nf3 Nf6 5. Nc3 O-O 6. Be2 c5 7. O-O Re8 8. d5 e6 9. h3 exd5 10. exd5 Bf5 11. Bd3 Ne4 12. Nxe4 Bxe4 13. Bxe4 Rxe4 14. Qd3 Re8 15. Bf4 Na6 16. Rae1 Qf6 17. Qd2 b5 18. cxb5 Nc7 19. a4 Rab8 20. b3 Rxe1 21. Rxe1 a6 22. bxa6 Nxa6 23. Ng5 h6 24. Ne4 Qd4 25. Qxd4 cxd4 26. Nd2 d3 27. Re3 Rb4 28. Bxd6 Rd4 29. Be5 Rxd5 30. Bxg7 Kxg7 31. Kf1 Nb4 32. Re4 Nc2 33. b4 Rd8 34. b5 Rc8 35. Rc4 Ra8 36. g4 Kf6 37. Kg2 Ke5 38. Kf3 Kd5 39. Rf4 Ra7 40. b6 Ra6 41. a5 Rxa5 42. Rxf7 Rb5 43. b7 Nd4+ 44. Ke3 Nc6 45. Kxd3 Ne5+ 46. Kc3 Nxf7 47. Nc4 Rxb7 48. Ne3+ Ke4 0-1


[Site "https://www.chess.com"]

[Event "Titled Tuesday Blitz March 21 Early 2023"]
[White "Gholami Orimi, Mahdi"]
[Black "Parkhov, Yair"]
[WhiteFideId "12558486"]
[BlackFideId "2813408"]
[WhiteElo "2363"]
[BlackElo "2421"]
[Result "1-0"]
[Round "06"]
[TimeControl "180+2"]
[Date "2023.03.21"]
[WhiteClock "0:00:11"]
[BlackClock "0:00:11"]

1. d4 d5 2. c4 c6 3. Nf3 Nf6 4. e3 Bf5 5. Nc3 e6 6. Nh4 Be4 7. f3 Bg6 8. Qb3 Qc7 9. Bd2 a6 10. Nxg6 hxg6 11. g3 dxc4 12. Qxc4 b5 13. Qb3 c5 14. dxc5 Nbd7 15. Qc2 Qxc5 16. Rc1 Rc8 17. Qb1 Qd6 18. a4 b4 19. Na2 Rxc1+ 20. Qxc1 Be7 21. Qc8+ Bd8 22. Nxb4 Ne5 23. Be2 O-O 24. Qxa6 Qb8 25. Qb5 Qd6 26. Bc3 Bc7 27. Kf2 Rb8 28. Bxe5 Qxe5 29. Qxe5 Bxe5 30. Nc6 Rxb2 31. Nxe5 Nd5 32. Rc1 f6 33. Nxg6 Nb4 34. Nf4 e5 35. Rc8+ Kf7 36. Rc7+ Ke8 37. Ne6 Nd3+ 38. Kf1 Rb1+ 39. Kg2 Rb2 40. Nxg7+ Kd8 41. Ne6+ Ke8 42. f4 Rxe2+ 43. Kf3 Rxh2 44. Ke4 Nb4 45. Rb7 Nc6 46. Kf5 exf4 47. exf4 Rh5+ 48. Kg6 Rh3 49. g4 Re3 50. Kxf6 Rxe6+ 51. Kxe6 Nd8+ 52. Kd5 Nxb7 53. f5 Kd7 54. g5 Nd6 55. f6 Ne8 56. f7 Nc7+ 57. Ke5 Ke7 58. g6 Kf8 59. a5 Kg7 60. Kd6 Na6 61. Ke7 Kxg6 62. f8=Q Nc5 63. Qf6+ 1-0


[Site "https://www.chess.com"]

[Event "Titled Tuesday Blitz March 21 Early 2023"]
[White "Csonka, Balazs"]
[Black "Praggnanandhaa R"]
[WhiteFideId "742910"]
[BlackFideId "25059530"]
[WhiteElo "2404"]
[BlackElo "2623"]
[Result "1-0"]
[Round "06"]
[TimeControl "180+2"]
[Date "2023.03.21"]
[WhiteClock "0:00:04"]
[BlackClock "0:00:03"]

1. d4 e6 2. e4 d5 3. e5 c5 4. c3 Bd7 5. Nf3 Qb6 6. Be2 Bb5 7. dxc5 Bxc5 8. b4 Bxe2 9. Qxe2 Bf8 10. O-O Ne7 11. a3 a5 12. Be3 Qc7 13. Nd4 Nec6 14. Nb5 Qxe5 15. f4 Qf6 16. Nc7+ Kd8 17. Nxa8 axb4 18. axb4 Bxb4 19. Qb2 Re8 20. Ra2 d4 21. cxb4 dxe3 22. Qxf6+ gxf6 23. b5 Nb4 24. Re2 Nd5 25. Rc1 Nd7 26. Nc3 Nxf4 27. Rxe3 Rg8 28. g3 h5 29. Kf2 Nh3+ 30. Kg2 Nf4+ 31. Kf3 Nh3 32. Rd1 Kc8 33. Ne4 f5 34. Nd6+ Kb8 35. Nxf7 Nc5 36. Nb6 Kc7 37. Nc4 Ne4 38. b6+ Kc6 39. Nce5+ Kc5 40. Rc1+ Kb4 41. Rxe4+ fxe4+ 42. Kxe4 Ra8 43. Nd6 Nf2+ 44. Ke3 Ng4+ 45. Nxg4 hxg4 46. Nxb7 Kb5 47. Nd6+ Kxb6 48. Ne4 Rh8 49. Rc2 Rh6 50. Kf4 Rg6 51. Ng5 e5+ 52. Kxg4 e4 53. Kf5 Rh6 54. Nxe4 Rh8 55. h4 Rf8+ 56. Nf6 Ra8 57. g4 Ra5+ 58. Kg6 Ra4 59. g5 Rxh4 60. Kf7 Rc4 61. Rxc4 1-0


[Site "https://www.chess.com"]

[Event "Titled Tuesday Blitz March 21 Early 2023"]
[White "Tari, Aryan"]
[Black "Weetik, Vjacheslav"]
[WhiteFideId "1510045"]
[BlackFideId "4153472"]
[WhiteElo "2583"]
[BlackElo "2469"]
[Result "0-1"]
[Round "06"]
[TimeControl "180+2"]
[Date "2023.03.21"]
[WhiteClock "0:00:02"]
[BlackClock "0:00:02"]

1. e4 c6 2. Nc3 d5 3. Nf3 dxe4 4. Nxe4 Nf6 5. Qe2 Nxe4 6. Qxe4 Nd7 7. d4 Nf6 8. Qd3 g6 9. Be2 Bg7 10. O-O O-O 11. Rd1 Bf5 12. Qb3 Qb6 13. Qa4 Rfd8 14. c3 Nd5 15. Re1 c5 16. dxc5 Qxc5 17. Qh4 f6 18. Nd4 Bd7 19. Bh6 e5 20. Nb3 Qc7 21. Bf3 Bc6 22. Bxg7 Kxg7 23. Nc5 Re8 24. Rad1 Rad8 25. Qc4 Nf4 26. Nxb7 Rxd1 27. Rxd1 e4 28. Na5 Qxa5 29. Qxc6 Qe5 30. Rd7+ Kh6 31. Bd1 e3 32. Qf3 e2 33. Bxe2 Nxe2+ 34. Kh1 Nf4 35. h3 Qf5 36. Rd4 g5 37. Kh2 Kg6 38. Ra4 Re7 39. Ra6 Nd3 40. Qxf5+ Kxf5 41. Ra5+ Kg6 42. f3 Nxb2 43. Rb5 Nd1 44. c4 Re2 45. c5 Ne3 46. Kg1 Rxg2+ 47. Kh1 Rc2 48. a4 Nf5 49. Rb7 Nd4 50. Rxa7 Nxf3 0-1


[Site "https://www.chess.com"]

[Event "Titled Tuesday Blitz March 21 Early 2023"]
[White "Drygalov, Sergey"]
[Black "Bolourchifard, Farzad"]
[WhiteFideId "24171743"]
[BlackFideId "12510084"]
[WhiteElo "2533"]
[BlackElo "2317"]
[Result "1/2-1/2"]
[Round "06"]
[TimeControl "180+2"]
[Date "2023.03.21"]
[WhiteClock "0:00:14"]
[BlackClock "0:00:22"]

1. d4 Nf6 2. c4 e6 3. Nf3 d5 4. Nc3 Be7 5. g3 c6 6. Bg2 a6 7. O-O dxc4 8. Ne5 Nd5 9. Nxc4 b5 10. Ne5 Bb7 11. a4 Nd7 12. Nxd7 Qxd7 13. Ne4 O-O 14. Nc5 Qc8 15. e4 Nf6 16. Be3 Rd8 17. Qc2 Nd7 18. f4 Nxc5 19. dxc5 a5 20. e5 b4 21. Be4 h6 22. f5 exf5 23. Bxf5 Qc7 24. e6 f6 25. Bf4 Qc8 26. Rfd1 Rd5 27. Bd6 Qf8 28. Rxd5 cxd5 29. Bxe7 Qxe7 30. c6 Bc8 31. Rc1 Bxe6 32. Bxe6+ Qxe6 33. c7 Rc8 34. Qc5 Qe5 35. b3 d4 36. Qc4+ Kf8 37. Kg2 Qe4+ 38. Kg1 Qe3+ 39. Kg2 Qe4+ 40. Kg1 Qe3+ 41. Kg2 d3 42. Qd5 Qe7 43. Qb7 Qd7 44. Rc4 d2 45. Rd4 Qxc7 46. Qd5 Qc6 47. Rxd2 Qxd5+ 48. Rxd5 Rc3 49. Rxa5 Rxb3 50. Rb5 Ra3 51. Rxb4 h5 52. h4 Kf7 53. Rc4 Kg6 54. Kf2 Kh6 55. Rb4 Kg6 56. Rc4 Kh6 57. Rf4 Kg6 58. Kg2 Kh6 59. g4 hxg4 60. Rxg4 f5 61. Rb4 g6 62. Rf4 Kh5 63. Rb4 g5 64. hxg5 Kxg5 65. Kf2 Kf6 66. Ke2 Ke5 67. Kf2 Kd5 68. Rf4 Kc6 69. Ke2 Kb6 70. Kd2 Ka5 71. Kc2 Rxa4 72. Rxf5+ Kb6 73. Kc3 Rh4 1/2-1/2


[Site "https://www.chess.com"]

[Event "Titled Tuesday Blitz March 21 Early 2023"]
[White "Dardha, Daniel"]
[Black "Taboas Rodriguez, Daniel"]
[WhiteFideId "240990"]
[BlackFideId "2208466"]
[WhiteElo "2581"]
[BlackElo "2365"]
[Result "1-0"]
[Round "06"]
[TimeControl "180+2"]
[Date "2023.03.21"]
[WhiteClock "0:00:14"]
[BlackClock "0:00:09"]

1. Nf3 Nf6 2. c4 g6 3. Nc3 Bg7 4. e4 d6 5. d4 O-O 6. Be2 e5 7. d5 Nbd7 8. Bg5 h6 9. Be3 Ng4 10. Bd2 f5 11. h3 Ngf6 12. exf5 gxf5 13. g4 Nc5 14. g5 hxg5 15. Nxg5 f4 16. b4 Na6 17. Rg1 Nxb4 18. a3 Na6 19. Ne6 Bxe6 20. dxe6 Qe7 21. Bg4 c6 22. Bf5 Nc5 23. Rb1 b6 24. Qf3 Nxe6 25. Ne2 d5 26. cxd5 cxd5 27. Rg6 Rf7 28. h4 e4 29. Qh3 Re8 30. h5 f3 31. Bxe6 Qxe6 32. Qxe6 Rxe6 33. Nf4 Rc6 34. h6 Kh7 35. hxg7 Rxg7 36. Rxg7+ Kxg7 37. Rb5 Rc5 38. Ne6+ Kf7 39. Nxc5 bxc5 40. Rxc5 Ke6 41. Ra5 d4 42. Rxa7 Ng4 43. Rg7 Kf5 44. Rg5+ Ke6 45. Rxg4 Kd5 46. Rxe4 Kxe4 47. a4 Kd5 48. a5 Kc5 49. Kd1 d3 50. Bc3 Kc4 51. Kd2 Kb5 52. Kxd3 1-0


[Site "https://www.chess.com"]

[Event "Titled Tuesday Blitz March 21 Early 2023"]
[White "Tillyaev, Ulugbek"]
[Black "Chigaev, Maksim"]
[WhiteFideId "14202441"]
[BlackFideId "4108116"]
[WhiteElo "2377"]
[BlackElo "2547"]
[Result "0-1"]
[Round "06"]
[TimeControl "180+2"]
[Date "2023.03.21"]
[WhiteClock "0:00:01"]
[BlackClock "0:00:12"]

1. e4 c5 2. d4 cxd4 3. c3 d3 4. c4 Nc6 5. Nc3 g6 6. Bxd3 Bg7 7. Nf3 d6 8. h3 Nf6 9. O-O O-O 10. Be3 b6 11. Qd2 Bb7 12. Rac1 Nd7 13. b3 Rc8 14. Bb1 Re8 15. Rfe1 Nc5 16. Bh6 Ne5 17. Nxe5 dxe5 18. Qxd8 Rexd8 19. Bg5 Kf8 20. Rcd1 Ne6 21. Be3 Nd4 22. Nd5 e6 23. Nb4 a5 24. Nd3 a4 25. Nc1 axb3 26. axb3 Ke7 27. Bxd4 Rxd4 28. Rxd4 exd4 29. Nd3 Ra8 30. f4 h6 31. Kf2 g5 32. g3 gxf4 33. gxf4 Bf6 34. Rd1 Ra3 35. Bc2 Bxe4 36. Ke2 Bg6 37. Kd2 Bf5 38. Re1 Bh4 39. Rh1 h5 40. Rh2 Bg3 41. Rg2 h4 42. Rg1 Bxh3 0-1


[Site "https://www.chess.com"]

[Event "Titled Tuesday Blitz March 21 Early 2023"]
[White "Ahmadzada, Ahmad"]
[Black "Carlsen, Magnus"]
[WhiteFideId "13413007"]
[BlackFideId "1503014"]
[WhiteElo "2388"]
[BlackElo "2852"]
[Result "1/2-1/2"]
[Round "06"]
[TimeControl "180+2"]
[Date "2023.03.21"]
[WhiteClock "0:00:02"]
[BlackClock "0:00:07"]

1. e4 c5 2. Nf3 e6 3. Nc3 a6 4. d4 cxd4 5. Nxd4 Qc7 6. g3 d6 7. Bg2 Bd7 8. O-O Nc6 9. Re1 Be7 10. Nxc6 Bxc6 11. Qg4 h5 12. Qe2 h4 13. Bf4 hxg3 14. hxg3 e5 15. Be3 Nf6 16. Bg5 Nd7 17. Be3 Rc8 18. a4 Kf8 19. a5 Nf6 20. Nd5 Nxd5 21. exd5 Bd7 22. Rec1 Qd8 23. c4 Bg5 24. c5 Bb5 25. Qd2 Bxe3 26. Qxe3 g6 27. cxd6 Rxc1+ 28. Rxc1 Qxd6 29. Rc8+ Kg7 30. Rxh8 Kxh8 31. Qb6 Qb4 32. Qf6+ Kg8 33. Qxe5 Qxa5 34. d6 Qa1+ 35. Kh2 Qd1 36. Bxb7 Qf1 37. Qf6 Qd1 38. Be4 Qe2 39. Qd4 Bd7 40. Kg2 Qh5 41. Bd5 Qh3+ 42. Kg1 Qf5 43. Qe4 Qg5 44. Qe7 Qxd5 45. Qxd7 Qd1+ 46. Kh2 Qd4 47. Kg2 Qd5+ 48. Kg1 Qd1+ 49. Kg2 Qd5+ 50. Kh2 Qd4 51. Kg1 Qd1+ 1/2-1/2


[Site "https://www.chess.com"]

[Event "Titled Tuesday Blitz March 21 Early 2023"]
[White "Fedoseev, Vladimir"]
[Black "Ozen, Bahadir"]
[WhiteFideId "24130737"]
[BlackFideId "6337058"]
[WhiteElo "2752"]
[BlackElo "2503"]
[Result "1-0"]
[Round "06"]
[TimeControl "180+2"]
[Date "2023.03.21"]
[WhiteClock "0:01:11"]
[BlackClock "0:00:02"]

1. Nf3 d5 2. g3 g6 3. Bg2 Bg7 4. O-O e5 5. d3 Nc6 6. Nbd2 Nge7 7. e4 O-O 8. Re1 h6 9. c3 a5 10. a4 Re8 11. Qc2 b6 12. b3 Ba6 13. Bb2 Qd7 14. Rad1 Rad8 15. Bf1 Qc8 16. Ba3 Bb7 17. b4 Qa8 18. b5 Nb8 19. c4 dxe4 20. dxe4 Nd7 21. c5 Nxc5 22. Bxc5 bxc5 23. Qxc5 Nc8 24. Qxc7 Nd6 25. Nc4 Nxe4 26. Rxd8 Rxd8 27. Nxa5 Bd5 28. Nc6 Bxc6 29. bxc6 Rc8 30. Qb7 Nd6 31. Qxa8 Rxa8 32. Rd1 Bf8 33. Bb5 e4 34. Ne5 Be7 35. Nd7 Rc8 36. Nb6 Rxc6 1-0


[Site "https://www.chess.com"]

[Event "Titled Tuesday Blitz March 21 Early 2023"]
[White "Bluebaum, Matthias"]
[Black "Aditya Mittal"]
[WhiteFideId "24651516"]
[BlackFideId "35042025"]
[WhiteElo "2638"]
[BlackElo "2396"]
[Result "1-0"]
[Round "06"]
[TimeControl "180+2"]
[Date "2023.03.21"]
[WhiteClock "0:01:11"]
[BlackClock "0:00:02"]

1. d4 Nf6 2. c4 e6 3. Nc3 Bb4 4. e3 O-O 5. Bd2 d5 6. Nf3 b6 7. cxd5 exd5 8. Rc1 Bb7 9. Bd3 Re8 10. Ne5 Bf8 11. f4 c5 12. g4 Nc6 13. g5 Ne4 14. Nxe4 dxe4 15. Bb5 Nxe5 16. dxe5 Re7 17. Bc3 a6 18. Qxd8 Rxd8 19. Be2 Red7 20. Kf2 Be7 21. h4 Bd5 22. a3 b5 23. Bg4 Be6 24. f5 Bb3 25. f6 Bf8 26. Bxd7 Rxd7 27. Kg3 Rd3 28. Kf4 c4 29. Kxe4 1-0


[Site "https://www.chess.com"]

[Event "Titled Tuesday Blitz March 21 Early 2023"]
[White "Kramnik, Vladimir"]
[Black "Narayanan, Srinath"]
[WhiteFideId "4101588"]
[BlackFideId "5018420"]
[WhiteElo "2712"]
[BlackElo "2438"]
[Result "1-0"]
[Round "06"]
[TimeControl "180+2"]
[Date "2023.03.21"]
[WhiteClock "0:01:03"]
[BlackClock "0:00:31"]

1. c4 e5 2. d3 Nf6 3. Nf3 Nc6 4. a3 d5 5. cxd5 Nxd5 6. Qc2 Bd6 7. e3 O-O 8. Nbd2 Kh8 9. Be2 f5 10. b4 Qf6 11. Bb2 a6 12. g3 Bd7 13. h4 Rae8 14. h5 Qh6 15. Nh4 f4 16. gxf4 exf4 17. e4 f3 18. Bxf3 Nf4 19. O-O-O Be5 20. Ng6+ Nxg6 21. hxg6 Qxg6 22. Bh5 Qd6 23. Bxe8 Bxe8 24. Nc4 Bxb2+ 25. Qxb2 Qf4+ 26. Kb1 Bg6 27. Ne3 Ne5 28. Nd5 Qg5 29. f4 Nxd3 30. fxg5 Nxb2 31. Kxb2 Bxe4 32. Rh2 c6 33. Nf4 Kg8 34. Rf2 b6 35. Rd7 a5 36. Rxg7+ Kxg7 37. Ne6+ Kg6 38. Rxf8 1-0


[Site "https://www.chess.com"]

[Event "Titled Tuesday Blitz March 21 Early 2023"]
[White "Esipenko, Andrey"]
[Black "Sattarov, Bobir"]
[WhiteFideId "24175439"]
[BlackFideId "14203081"]
[WhiteElo "2615"]
[BlackElo "2351"]
[Result "1-0"]
[Round "06"]
[TimeControl "180+2"]
[Date "2023.03.21"]
[WhiteClock "0:00:47"]
[BlackClock "0:01:12"]

1. e4 e5 2. Nf3 Nc6 3. Bb5 a6 4. Ba4 Bc5 5. c3 Qf6 6. O-O Nge7 7. d3 h6 8. Be3 Ba7 9. Nbd2 O-O 10. Re1 d6 11. h3 Ng6 12. Nf1 Nf4 13. Kh2 Ne7 14. d4 Neg6 15. Ng3 Be6 16. Bc2 Rfd8 17. Qd2 Nxh3 18. Nh5 Qe7 19. gxh3 Bxh3 20. Kxh3 Qe6+ 21. Kg2 Qg4+ 22. Ng3 Nf4+ 23. Bxf4 exf4 24. Nh2 Qg5 25. Kh1 fxg3 26. Qxg5 hxg5 27. fxg3 c5 28. Rad1 cxd4 29. cxd4 Rac8 30. Bb3 Kf8 31. Kg2 f6 32. Ng4 Ke7 33. Ne3 Kd7 34. Rf1 Re8 35. Bd5 b5 36. Rf2 Rc7 37. Nf5 g6 38. Nh6 f5 39. exf5 gxf5 40. Nxf5 a5 41. Rh1 Kd8 42. Nxd6 1-0


[Site "https://www.chess.com"]

[Event "Titled Tuesday Blitz March 21 Early 2023"]
[White "Albornoz Cabrera, Carlos Daniel"]
[Black "Yilmaz, Mustafa"]
[WhiteFideId "3518736"]
[BlackFideId "6302718"]
[WhiteElo "2501"]
[BlackElo "2523"]
[Result "0-1"]
[Round "06"]
[TimeControl "180+2"]
[Date "2023.03.21"]
[WhiteClock "0:00:02"]
[BlackClock "0:00:19"]

1. Nf3 d5 2. d4 Nf6 3. c4 e6 4. Nc3 Bb4 5. cxd5 exd5 6. Bg5 h6 7. Bh4 O-O 8. e3 Bf5 9. Be2 Nbd7 10. Qb3 Qe7 11. O-O c6 12. Ne5 Bxc3 13. Qxc3 g5 14. Nxd7 Qxd7 15. Bg3 h5 16. f3 h4 17. Be5 Qe6 18. e4 Bg6 19. Qe3 Nh7 20. f4 gxf4 21. Rxf4 f6 22. Bc7 Bxe4 23. Rxh4 Rf7 24. Bg3 Rg7 25. Rf1 Re8 26. Bh5 Bg6 27. Qxe6+ Rxe6 28. Bg4 Re4 29. Bc8 Re2 30. Rf2 Re8 31. Bg4 Ng5 32. Re2 Rge7 33. Rxe7 Rxe7 34. Bf4 Re1+ 35. Kf2 Rb1 36. b3 Rb2+ 37. Ke3 Rxg2 38. Bf3 Nxf3 39. Kxf3 Be4+ 40. Ke3 Rxa2 41. Bg3 Rb2 42. Rg4+ Kf7 43. Rh4 Rxb3+ 44. Kf2 Rb2+ 45. Ke3 a5 46. Rh8 Rb3+ 47. Kf2 a4 48. Ra8 a3 49. Bd6 Rb2+ 50. Kg3 a2 51. Rf8+ Ke6 52. Bc5 Rg2+ 53. Kf4 Rf2+ 54. Ke3 Rf3+ 55. Ke2 a1=Q 0-1


[Site "https://www.chess.com"]

[Event "Titled Tuesday Blitz March 21 Early 2023"]
[White "Yuan, Qingyu"]
[Black "Grigoriants, Sergey"]
[WhiteFideId "8609772"]
[BlackFideId "4130804"]
[WhiteElo "2359"]
[BlackElo "2502"]
[Result "1/2-1/2"]
[Round "06"]
[TimeControl "180+2"]
[Date "2023.03.21"]
[WhiteClock "0:00:11"]
[BlackClock "0:00:12"]

1. e4 c6 2. d4 d5 3. exd5 cxd5 4. Bd3 Nc6 5. c3 Nf6 6. h3 g6 7. Nf3 Bf5 8. O-O Bg7 9. Re1 O-O 10. Bf1 e6 11. Bf4 h5 12. Nbd2 Ne4 13. Nxe4 Bxe4 14. Ng5 Bf5 15. g4 Bf6 16. Nxf7 Rxf7 17. gxf5 exf5 18. Bg2 Kg7 19. Qb3 Rd7 20. Re6 Bg5 21. Bh2 Na5 22. Qb5 a6 23. Qe2 Nc4 24. Re1 Bd2 25. Rd1 Bg5 26. b3 Na5 27. Bf3 Nc6 28. Kh1 Bf6 29. Rg1 Re7 30. Bxh5 g5 31. Bf3 Qd7 32. Rxe7+ Nxe7 33. Bf4 Kh6 34. Be5 Rf8 35. Qe3 f4 36. Bxf4 gxf4 37. Qxf4+ Kh7 38. Bg4 Qe8 39. Bf5+ Nxf5 40. Qxf5+ Kh6 41. Qf4+ Kh7 42. Qf5+ Kh6 43. Qf4+ Kh7 44. Qf5+ 1/2-1/2


[Site "https://www.chess.com"]

[Event "Titled Tuesday Blitz March 21 Early 2023"]
[White "Moroni, Luca Jr"]
[Black "Samunenkov, Ihor"]
[WhiteFideId "865834"]
[BlackFideId "14187086"]
[WhiteElo "2569"]
[BlackElo "2457"]
[Result "1/2-1/2"]
[Round "06"]
[TimeControl "180+2"]
[Date "2023.03.21"]
[WhiteClock "0:00:03"]
[BlackClock "0:00:06"]

1. d4 d5 2. Bf4 Nf6 3. e3 c6 4. Nf3 Bf5 5. c4 e6 6. Qb3 Qc8 7. Nc3 Be7 8. h3 h6 9. cxd5 exd5 10. Be2 O-O 11. O-O Nbd7 12. Rac1 Nb6 13. a4 Be6 14. Ne5 Nfd7 15. Nxd7 Qxd7 16. a5 Nc4 17. Bxc4 dxc4 18. Qc2 Bb4 19. Ra1 c5 20. Rfd1 cxd4 21. Rxd4 Qe7 22. Nd5 Bxd5 23. Rxd5 Rac8 24. Rad1 c3 25. bxc3 Bxc3 26. Qb3 Qb4 27. Qxb4 Bxb4 28. Rb1 Rc4 29. Rb5 Bc3 30. Rc1 Rfc8 31. Rxb7 Bxa5 32. Rxc4 Rxc4 33. Rxa7 Rc1+ 34. Kh2 Be1 35. Ra2 Rd1 36. e4 Bb4 37. Kg3 Rd3+ 38. f3 Bd6 39. Ra8+ Kh7 40. Ra7 Bxf4+ 41. Kxf4 Kg6 42. Ra6+ Kh7 43. g4 g5+ 44. Kg3 Kg7 45. Ra1 Rb3 46. Rh1 Rc3 47. h4 Rb3 48. h5 Rc3 49. Rd1 Rb3 50. Rc1 Ra3 51. Rc2 Rb3 52. Kf2 Ra3 53. Rd2 Rb3 54. Ke2 Ra3 55. Rd3 Ra2+ 56. Ke3 Ra4 57. f4 gxf4+ 58. Kxf4 Rb4 59. Rd7 Ra4 60. Kf5 Ra1 61. e5 Rf1+ 62. Ke4 Re1+ 63. Kf4 Rf1+ 64. Kg3 Re1 65. Rd5 Rg1+ 66. Kf3 Rf1+ 67. Kg2 Re1 68. Kf2 Re4 69. Kf3 Re1 70. Ra5 Rf1+ 71. Ke4 Rg1 72. Kf4 Rf1+ 73. Ke3 Rg1 74. Ra4 Re1+ 75. Kf4 Rf1+ 76. Ke4 Re1+ 77. Kf5 Rf1+ 78. Rf4 Re1 79. Rf3 Re2 80. Rg3 Re1 81. g5 Rf1+ 82. Ke4 hxg5 83. Rxg5+ Kh6 84. Rf5 Re1+ 85. Kd5 Kg7 86. h6+ Kxh6 87. Rxf7 Kg6 88. Rf2 Rd1+ 89. Kc6 Ra1 90. e6 Ra6+ 91. Kd7 Ra7+ 92. Kd6 Ra6+ 93. Kd5 Ra5+ 94. Ke4 Ra4+ 95. Ke5 Ra5+ 96. Kd6 Ra6+ 97. Kd5 Ra5+ 98. Kc4 Re5 99. Kd4 Rxe6 100. Rg2+ Kf7 101. Rf2+ Rf6 102. Rxf6+ Kxf6 1/2-1/2


[Site "https://www.chess.com"]

[Event "Titled Tuesday Blitz March 21 Early 2023"]
[White "Postny, Evgeny"]
[Black "Movahed, Sina"]
[WhiteFideId "2804344"]
[BlackFideId "42520835"]
[WhiteElo "2509"]
[BlackElo "2225"]
[Result "1-0"]
[Round "06"]
[TimeControl "180+2"]
[Date "2023.03.21"]
[WhiteClock "0:00:03"]
[BlackClock "0:00:05"]

1. e4 c5 2. Nf3 d6 3. d4 cxd4 4. Nxd4 Nf6 5. Nc3 a6 6. Be2 e5 7. Nf3 h6 8. O-O Be7 9. Re1 Be6 10. Bf1 Nbd7 11. Nd5 Nxd5 12. exd5 Bf5 13. Bd3 Bxd3 14. Qxd3 O-O 15. c4 f5 16. Qe2 Rc8 17. Nd4 Nc5 18. b4 exd4 19. bxc5 Re8 20. Qe6+ Kh8 21. Qxf5 Rxc5 22. Bxh6 Bf6 23. Qh5 Rf8 24. Re4 Kg8 25. Rae1 Rxc4 26. Re8 Qd7 27. Bf4 Rc8 28. Rxc8 Rxc8 29. Qg6 Qf7 30. Qf5 Re8 31. Rxe8+ Qxe8 32. g3 Be5 33. Bg5 Qf7 34. Qxf7+ Kxf7 35. Kf1 d3 36. Ke1 Bc3+ 37. Bd2 Bd4 38. Bf4 Bc3+ 39. Kd1 Ke7 40. h4 b5 41. h5 b4 42. g4 a5 43. Bd2 Bd4 44. f4 Bc5 45. g5 a4 46. f5 Kf7 47. Kc1 Ke7 48. Kd1 Kf7 49. Kc1 Ke7 50. Kb1 a3 51. Bf4 Kf7 52. Bd2 Ke7 53. g6 Kf6 54. h6 gxh6 55. Bxh6 Bd4 56. Bd2 Bc3 57. Bxc3+ bxc3 58. Kc1 d2+ 59. Kd1 Ke5 60. Kc2 Ke4 61. g7 Ke3 62. g8=Q Ke2 63. Qg2+ 1-0


[Site "https://www.chess.com"]

[Event "Titled Tuesday Blitz March 21 Early 2023"]
[White "Tanenbaum, Zachary"]
[Black "Mitrabha, Guha"]
[WhiteFideId "2060850"]
[BlackFideId "5057000"]
[WhiteElo "2175"]
[BlackElo "2507"]
[Result "1-0"]
[Round "06"]
[TimeControl "180+2"]
[Date "2023.03.21"]
[WhiteClock "0:00:18"]
[BlackClock "0:00:02"]

1. e4 Nc6 2. Nf3 d6 3. d4 Bg4 4. Bb5 a6 5. Bxc6+ bxc6 6. Qd3 g6 7. Nc3 Bg7 8. e5 Nh6 9. h3 Bd7 10. Bg5 O-O 11. g4 f6 12. exf6 exf6 13. Be3 Nf7 14. O-O-O Qb8 15. Rdg1 Qb4 16. h4 Rab8 17. b3 f5 18. h5 c5 19. hxg6 hxg6 20. Nd5 Qa3+ 21. Kb1 Rfe8 22. Bc1 Qa5 23. Bb2 cxd4 24. Nf4 Bb5 25. Qd1 g5 26. gxf5 Re4 27. Ne6 Be2 28. Qd2 Qxf5 29. Nfxd4 Bxd4 30. Bxd4 Rxe6 31. Rh8+ Nxh8 32. Rxg5+ Qxg5 33. Qxg5+ Rg6 34. Qd5+ Nf7 35. Qe4 Bh5 36. Qf5 Rg1+ 37. Kb2 Bg6 38. Qf6 Kf8 39. f4 Rb5 40. Bxg1 Be4 41. Qe6 Bf5 42. Qc4 c5 43. Qd5 1-0


[Site "https://www.chess.com"]

[Event "Titled Tuesday Blitz March 21 Early 2023"]
[White "Gadimbayli, Abdulla"]
[Black "Vasquez Schroeder, Rodrigo"]
[WhiteFideId "13404938"]
[BlackFideId "3400042"]
[WhiteElo "2390"]
[BlackElo "2600"]
[Result "0-1"]
[Round "06"]
[TimeControl "180+2"]
[Date "2023.03.21"]
[WhiteClock "0:00:01"]
[BlackClock "0:00:40"]

1. e4 c5 2. Nf3 d6 3. d4 cxd4 4. Nxd4 Nf6 5. Nc3 a6 6. g3 e6 7. Bg2 Bd7 8. O-O Nc6 9. a4 Be7 10. b3 O-O 11. Bb2 Rc8 12. Nxc6 Bxc6 13. Qd4 e5 14. Qd3 Qc7 15. Rac1 Rfd8 16. Rfd1 Qa5 17. Ra1 Bd7 18. h3 Be6 19. Nd5 Bxd5 20. exd5 Qc5 21. c4 a5 22. Ba3 Qc7 23. Rac1 b6 24. Kh2 Nd7 25. h4 Nc5 26. Qe3 Bf6 27. Bh3 Rb8 28. Re1 Re8 29. Rcd1 g6 30. h5 Qd8 31. Kg2 Bg7 32. Bg4 e4 33. hxg6 hxg6 34. Rh1 f5 35. Be2 Qf6 36. Rh4 g5 37. Bb2 Qxb2 38. Qxg5 Qf6 39. Qh5 Re5 40. Rdh1 Rf8 41. Rf4 Nd3 42. Bxd3 exd3 43. g4 Rd8 44. Qh7+ Kf8 45. Rh5 d2 46. g5 Qf7 47. Rd4 Ke7 48. g6 Qf6 49. f4 0-1


[Site "https://www.chess.com"]

[Event "Titled Tuesday Blitz March 21 Early 2023"]
[White "Svane, Frederik"]
[Black "Harshavardhan G B"]
[WhiteFideId "12923044"]
[BlackFideId "25059009"]
[WhiteElo "2502"]
[BlackElo "2323"]
[Result "1-0"]
[Round "06"]
[TimeControl "180+2"]
[Date "2023.03.21"]
[WhiteClock "0:00:09"]
[BlackClock "0:00:07"]

1. b3 e5 2. Bb2 Nc6 3. e3 d6 4. Nf3 g6 5. d4 Bg7 6. dxe5 Nge7 7. Nc3 Nxe5 8. Nxe5 Bxe5 9. Be2 O-O 10. Qd2 Bd7 11. h4 h5 12. O-O-O a5 13. g4 hxg4 14. h5 Kg7 15. Rdg1 Rh8 16. Bxg4 Bxg4 17. Rxg4 Qd7 18. Rgg1 Kf8 19. f4 Bg7 20. Ne4 Bxb2+ 21. Kxb2 Qf5 22. Qd4 Rxh5 23. Ng3 Rxh1 24. Rxh1 Qe6 25. Rh7 Ng8 26. Ne4 c5 27. Qg7+ Ke7 28. Ng5 Qf5 29. Qxf7+ Qxf7 30. Rxf7+ Ke8 31. Rxb7 Nf6 32. Rg7 Kf8 33. Rxg6 Nd5 34. Rxd6 Nxe3 35. Rd3 Ng4 36. Ne6+ Ke7 37. Nxc5 Nf6 38. a3 Kf7 39. b4 axb4 40. axb4 Ke7 41. Kb3 Rh8 42. b5 Rh1 43. Kc4 Rc1 44. c3 Rb1 45. Re3+ Kf7 46. Nd3 Ne8 47. Ne5+ Kg7 48. Kc5 Nc7 49. c4 Ne6+ 50. Kc6 Nxf4 51. b6 Ne6 52. Rd3 Kf6 53. Nd7+ Ke7 54. c5 Nd8+ 55. Kc7 Ne6+ 56. Kc8 Rh1 57. Kb7 Rc1 58. Rd5 Nd8+ 59. Kc8 Ne6 60. b7 Nxc5 61. Rxc5 Rh1 62. b8=Q Rh8+ 63. Kc7 Rxb8 64. Kxb8 Kd6 65. Kb7 Kxd7 66. Rc6 Ke7 67. Kb6 Kf7 68. Kc5 Ke7 69. Kd5 Kd7 70. Re6 Kc7 71. Rd6 1-0


[Site "https://www.chess.com"]